 Dungeon Crawl Stone Soup version 0.30-a0-23-ge60ba3568b (webtiles) character file.

Game seed: 17156771566308411044

1145 ytrimaz the Martial Artist (level 8, -12/48 HPs)
             Began as an Octopode Transmuter on Aug 24, 2022.
             Mangled by an ogre
             ... wielding a +0 giant club
              (37 damage)
             ... on level 6 of the Dungeon.
             The game lasted 00:05:10 (6215 turns).

ytrimaz the Martial Artist (Octopode Transmuter)    Turns: 6215, Time: 00:05:11

Health: -12/48     AC:  1    Str:  9    XL:     8   Next: 37%
Magic:  8/11       EV: 13    Int: 17    God:
Gold:   380        SH:  0    Dex: 13    Spells: 8/11 levels left

rFire   + . .      SeeInvis .      - Unarmed
rCold   . . .      Faith    .    (no shield)
rNeg    . . .      Spirit   .    (helmet currently unavailable)
rPois   .          Reflect  .    i - amulet of regeneration
rElec   .          Harm     .    q - ring of protection from fire
rCorr   .          Rampage  .    (no ring)
Will    .....                    (no ring)
Stlth   ++........               (no ring)
HPRegen 0.96/turn                (no ring)
MPRegen 0.12/turn                (no ring)
                                 (no ring)
                                 (no ring)

@: appendages, wereblooded
A: tentacle spike 3, almost no armour, amphibious, 8 rings, camouflage 1,
gelatinous body 1, (nimble swimmer 1), tentacles
a: End Transformation


You were on level 6 of the Dungeon.
One of your tentacles had grown a beastly spike.
You visited 1 branch of the dungeon, and saw 6 of its levels.

You collected 380 gold pieces.

Inventory:

Missiles
 e - a throwing net
Jewellery
 b - an amulet of faith
 g - a ring of ice
 i - an amulet of regeneration (around mantle)
 q - a ring of protection from fire (left tentacle)
Scrolls
 d - 3 scrolls of teleportation
 o - a scroll of fog
Potions
 a - 2 potions of lignification
 c - a potion of might
 f - 3 potions of flight
 h - a potion of haste {unknown}
 j - a potion of curing
 k - a potion of attraction {unknown}
 l - 2 potions of invisibility
 m - a potion of heal wounds {unknown}
 n - a potion of ambrosia {unknown}


   Skills:
 - Level 1.0 Fighting
 - Level 2.0 Dodging
 + Level 10.2 Unarmed Combat
 - Level 2.0 Spellcasting
 - Level 2.0 Transmutations


You had 8 spell levels left.
You knew the following spells:

 Your Spells              Type           Power      Damage    Failure   Level
a - Beastly Appendage     Tmut           16%        N/A       9%          1
b - Wereblood             Tmut           8%         N/A       13%         2

Your spell library contained the following spells:

 Spells                   Type           Power      Damage    Failure   Level
 Blink                    Tloc           2%         N/A       28%         2
 Sublimation of Blood     Necr           1%         N/A       28%         2
 Spider Form              Tmut/Pois      5%         N/A       36%         3
 Stone Arrow              Conj/Erth      2%         3d7       50%         3
 Ice Form                 Ice/Tmut       5%         N/A       77%         4
 Petrify                  Tmut/Erth      5%         N/A       77%         4
 Irradiate                Conj/Tmut      2%         3d12      98%         5
 Freezing Cloud           Conj/Ice/Air   0%         6-21      99%         5
 Manifold Assault         Tloc           1%         N/A       99%         5
 Simulacrum               Ice/Necr       0%         N/A       100%        6
 Storm Form               Tmut/Air       2%         N/A       100%        7
 Lehudib's Crystal Spear  Conj/Erth      0%         10d2      100%        8
 Polar Vortex             Ice            0%         N/A       100%        9
 Animate Armour           Summ/Erth      Unusable   N/A       N/A         4

Dungeon Overview and Level Annotations

Branches:
Dungeon (6/15)
 Temple: D:4-7

Altars:
Elyvilon
Qazlal
Trog
The Shining One

Shops:
D:1 [


Innate Abilities, Weirdness & Mutations

One of your tentacles has grown a beastly spike.
You cannot wear most types of armour.
You are amphibious.
You can wear up to eight rings at the same time.
Your skin changes colour to match your surroundings (Stealth+).
Your rubbery body absorbs attacks. (AC +1, EV +1)
((You are camouflaged when in or above water. (Stealth+)))
You have tentacles for arms and can constrict up to eight enemies at once.


Message History

Nothing appears to happen.
The gnoll attacks as you move away! The gnoll barely misses you.
Your transformation is almost over.
A scorpion comes into view.
The gnoll attacks as you move away! The gnoll hits you with a +0 club!
Your magical contamination has completely faded away.
Casting: Wereblood (safe; 13% risk of failure)
Confirm with . or Enter, or press ? or * to list all spells.
Your blood is infused with primal strength.
The gnoll hits you with a +0 club.
You extend your transformation's duration.
The gnoll hits you with a +0 club.
You tentacle-slap the gnoll. You grab the gnoll. You squeeze the gnoll.
The gnoll is heavily wounded.
You constrict the gnoll. You tentacle-slap the scorpion. You grab the scorpion.
You pierce the scorpion.
The scorpion is moderately wounded.
You constrict the scorpion. You constrict the gnoll.
The gnoll hits you with a +0 club! The scorpion stings you!
You tentacle-slap the scorpion. You squeeze the scorpion.
The scorpion is almost dead.
You constrict the scorpion.
You feel a bit better.
You kill the scorpion!
You constrict the gnoll. The gnoll hits you with a +0 club.
You are too injured to fight recklessly!
You release your grip on the gnoll.
You see here a scorpion corpse.
You tentacle-slap the gnoll.
You feel a bit better.
You kill the gnoll!
You bludgeon the ogre!
The ogre is moderately wounded.
The ogre closely misses you.
You tentacle-slap the ogre.
Your tentacle-slap misses the ogre.
The ogre is heavily wounded.
You are too injured to fight recklessly!
You barely miss the ogre.
You pierce the ogre.
The ogre is heavily wounded.
The ogre hits you with a +0 giant club!!!
Ouch! That really hurt!
You die...

...?.......####
..............#
.....(...g....#
#########g....#
#O....# #.....#
#.....#
####.##############
#.......ggO@.......
#....##############
#.............#
##########.........##
....<..# #...........
######.# #..........#
#.# #...........
#####.###.........#
#..........#...####


You could see an ogre and 2 gnolls.

Vanquished Creatures
  A black bear (D:4)
  3 scorpions
  A necrophage (D:6)
  4 wights (D:5)
  A gnoll bouda (D:6)
  2 orc priests
  2 hounds (D:5)
  A jelly (D:4)
  4 iguanas
  3 orc wizards
  4 gnolls (D:6)
  7 adders
  A shadow imp (D:5)
  A white imp (D:6)
  2 ufetubi
  3 worms
  4 dart slugs
  19 orcs
  9 bats
  5 endoplasms
  A giant cockroach (D:3)
  13 goblins
  10 hobgoblins
  8 quokkas
  5 ball pythons
  4 frilled lizards
  6 kobolds
  5 rats
129 creatures vanquished.

Vanquished Creatures (others)
  2 fungi (D:5)
2 creatures vanquished.

Grand Total: 131 creatures vanquished

Notes
Turn   | Place    | Note
-------+----------+-------------------------------------------
     0 | D:1      | ytrimaz the Octopode Transmuter began the quest for the
                  | Orb.
     0 | D:1      | Reached XP level 1. HP: 13/13 MP: 3/3
   300 | D:1      | Reached XP level 2. HP: 17/18 MP: 3/5
   421 | D:1      | Found a faded altar of an unknown god.
   635 | D:1      | Reached skill level 4 in Unarmed Combat
   878 | D:1      | Reached XP level 3. HP: 18/23 MP: 4/6
  1060 | D:1      | Found Weeloadgh's Antique Armour Boutique.
  1606 | D:2      | Learned a level 2 spell: Wereblood
  2012 | D:2      | Reached XP level 4. HP: 28/28 MP: 7/7
  2262 | D:2      | Reached skill level 5 in Unarmed Combat
  3399 | D:3      | Reached XP level 5. HP: 21/33 MP: 6/8
  4201 | D:4      | Reached skill level 6 in Unarmed Combat
  4383 | D:4      | Found a glowing golden altar of the Shining One.
  4384 | D:4      | Found a white marble altar of Elyvilon.
  4386 | D:4      | Found a bloodstained altar of Trog.
  4449 | D:4      | Reached XP level 6. HP: 34/38 MP: 7/9
  4681 | D:4      | Noticed a black bear
  4694 | D:4      | Reached skill level 7 in Unarmed Combat
  4716 | D:4      | Reached XP level 7. HP: 17/43 MP: 8/10
  4754 | D:4      | Reached skill level 8 in Unarmed Combat
  5028 | D:5      | Entered Level 5 of the Dungeon
  5189 | D:5      | Reached skill level 9 in Unarmed Combat
  5312 | D:5      | Found a stormy altar of Qazlal.
  5733 | D:6      | Reached XP level 8. HP: 25/48 MP: 11/11
  6126 | D:6      | Reached skill level 10 in Unarmed Combat
  6215 | D:6      | Mangled by an ogre

Illustrated notes

Levels and vault maps discovered:
D:1:      beargit_arrival_diablo_church, layout_basic, basic_ecumenical_altar,
          serial_shops, shop, palyth_stone_intersect, serial_bayou_pond_d
D:2:      layout_loops_cross
D:3:      layout_loops_ring, gup_sewer_entry_glass, minmay_misc_feat_alley,
          nrook_campfire
D:4:      layout_loops_ring, gammafunk_temple_overflow_forgotten, minivault_1,
          minmay_starry_boxes
D:5:      layout_rooms, mainiacjoe_overflow_boulevard, serial_co_window_serial,
          co_window_cross_1, co_window_paths_b, co_window_corner_a,
          co_window_of_opportunity_a, co_window_corner_a, co_window_cross_1,
          co_window_paths_a, co_window_corner_b, co_window_broadway_a,
          co_window_corner_b, co_window_corner_b
D:6:      layout_basic

Skill      XL: |  1  2  3  4  5  6  7  8 |
---------------+-------------------------+-----
Unarmed Combat | 4 5 6 7 9 10 | 10.2
Fighting       | |  1.0
Dodging        | |  2.0
Spellcasting   | |  2.0
Transmutations | |  2.0

Action                   |  1- 3 |  4- 6 |  7- 9 || total
-------------------------+-------+-------+-------++-------
Melee: Unarmed           |    79 |   107 |   104 ||   290
       Tentacles         |    13 |    22 |    21 ||    56
       Constrict         |    21 |    32 |    25 ||    78
       Punch             |     3 |     1 |    10 ||    14
       Kick              |    13 |    33 |    33 ||    79
 Cast: Beastly Appendage |    18 |    25 |    24 ||    67
       Wereblood         |       |     1 |     4 ||     5
  Use: Scroll            |     2 |     4 |     5 ||    11
       Potion            |       |     1 |     4 ||     5
 Stab: Sleeping          |     9 |     7 |     1 ||    17
Armor: Skin              |    11 |     9 |    14 ||    34
Dodge: Dodged            |    76 |    48 |    66 ||   190

Table legend: (Time is in decaauts)
 A = Elapsed time spent in this place.
 B = Non-inter-level travel time spent in this place.
 C = Inter-level travel time spent in this place.
 D = Time resting spent in this place.
 E = Time spent auto-exploring this place.
 F = Levels seen in this place.
 G = Mean time per level.
                   A        B        C        D        E       F      G
               +--------+--------+--------+--------+--------+-----+--------+
         Total |   6177 |   6061 |    116 |      0 |   5088 |   6 | 1029.5 |
       Dungeon |   6177 |   6061 |    116 |      0 |   5088 |   6 | 1029.5 |
               +--------+--------+--------+--------+--------+-----+--------+

Top non-repeatable levels by time:
     D:1: 1596 daAuts
     D:3: 1326 daAuts
     D:2: 1245 daAuts
     D:4: 839 daAuts
     D:5: 644 daAuts
     D:6: 524 daAuts
